 Dungeon Crawl Stone Soup version 0.21.1-1-g345015fe64 (webtiles) character file.

208 Jens78 the Insei (level 5, -2/33 HPs)
             Began as an Octopode Transmuter on June 9, 2018.
             Slain by a phantom (8 damage)
             ... on level 4 of the Dungeon.
             The game lasted 00:21:29 (2938 turns).

Jens78 the Insei (Octopode Transmuter)              Turns: 2938, Time: 00:21:30

Health: -2/33      AC:  2    Str:  9    XL:     5   Next: 86%
Magic:  4/9        EV: 20    Int: 15    God:
Gold:   150        SH:  0    Dex: 19    Spells: 0/10 levels left

rFire    . . .     SeeInvis .     - Unarmed
rCold    . . .     Gourm    .   (shield currently unavailable)
rNeg     . . .     Faith    .   (helmet currently unavailable)
rPois    x         Spirit   .   x - amulet of rage
rElec    .         Reflect  .   e - ring of wizardry
rCorr    .         Harm     .   (no ring)
MR       .....                  (no ring)
Stlth    ++........             (no ring)
HPRegen  0.11/turn              (no ring)
MPRegen  0.11/turn              (no ring)
                                (no ring)
                                (no ring)

@: spider-form (expiring)
A: tiny, almost no armour, stealthy swim, (amphibious), 8 rings, (constrict 8)
a: End Transformation, Evoke Berserk Rage


You were on level 4 of the Dungeon.
You were not hungry.
You were a venomous arachnid creature.
You visited 1 branch of the dungeon, and saw 4 of its levels.

You collected 150 gold pieces.

Inventory:

Hand Weapons
 j - a +0 vampiric spear
Missiles
 a - 42 arrows
 l - 48 stones (quivered)
 n - 27 bolts
Jewellery
 e - a ring of wizardry (left front leg)
 x - an amulet of rage (around neck)
Wands
 h - a wand of disintegration (9)
Scrolls
 f - 2 scrolls of remove curse
 g - 4 scrolls of identify
 k - a scroll of fog {unknown}
 m - a scroll of blinking {unknown}
 q - 3 scrolls of teleportation {unknown}
 s - a scroll of random uselessness {unknown}
 v - a scroll of magic mapping {unknown}
Potions
 d - a potion of berserk rage {unknown}
 i - a potion of lignification {unknown}
 o - 2 potions of curing {unknown}
 p - a potion of haste {unknown}
 r - 2 potions of heal wounds {unknown}
 t - a potion of resistance {unknown}
 u - a potion of brilliance {unknown}
 w - a potion of might {unknown}
Books
 b - a book of Changes

   Spells                             Type                      Level
   a - Beastly Appendage              Transmutation                1
   b - Sticks to Snakes               Transmutation                2
   c - Spider Form                    Transmutation/Poison         3
   d - Ice Form                       Ice/Transmutation            4
   e - Blade Hands                    Transmutation                5
Comestibles
 c - 5 rations
 z - 3 chunks of flesh


   Skills:
 + Level 1.0 Fighting
 + Level 2.4 Dodging
 + Level 1.6 Stealth
 + Level 4.0 Unarmed Combat
 + Level 3.1 Spellcasting
 + Level 3.4 Transmutations
 * Level 0.8 Ice Magic
 - Level 1.2 Poison Magic


You couldn't memorise any spells.
You knew the following spells:

 Your Spells              Type           Power        Failure   Level  Hunger
a - Beastly Appendage     Tmut           ##....       6%          1    #......
b - Sticks to Snakes      Tmut           ##......     9%          2    ##.....
c - Spider Form           Tmut/Pois      #.........   19%         3    ###....
d - Ice Form              Ice/Tmut       #.......     47%         4    #####..


Dungeon Overview and Level Annotations

Branches:
Dungeon (4/15)
 Temple: D:4-7

Altars:
Sif Muna
Trog
The Shining One


Innate Abilities, Weirdness & Mutations

You cannot wear most types of armour.
You are very stealthy in the water. (Stealth+)
((You are amphibious.))
You can wear up to eight rings at the same time.
((You can use your tentacles to constrict eight enemies at once.))
((Your skin changes colour to match your surroundings (Stealth+).))
((Your rubbery body absorbs attacks. (AC +1, EV +1)))


Message History

You tentacle-slap the orc. You grab the orc.
You kill the orc!
You barely miss the phantom. The phantom hits you.
The phantom blinks!
Found 17 gold pieces.
Casting: Spider Form
Confirm with . or Enter, or press ? or * to list all spells.
You turn into a venomous arachnid creature.
Your transformation is almost over.
The phantom misses you.
You hit the phantom.
The phantom is lightly damaged.
The phantom barely misses you.
You barely miss the phantom.
The phantom is lightly damaged.
The phantom hits you!
* * * LOW HITPOINT WARNING * * *
You barely miss the phantom.
The phantom is lightly damaged.
The phantom hits you!
You die...

#.###)##.......#
###...## #.##
##.#.......#
#.### ...
#.#.......# #.#
###. #.........#
#.# ##
#.##.......####
#.# ..#
#........... ..#
#.# #.......##
#### #..
####W#.### #..
#.s.....# ..
#.$.#.#.#
...........#
..##...#.#..##
..$ #.......##
.. ....##### #
######


You could see a phantom.

Vanquished Creatures
  The ghost of Ivernyr the Slasher, an amateur VSMo (D:3)
  A bullfrog skeleton (D:4)
  An iguana (D:4)
  3 adders (D:2)
  An ooze (D:1)
  3 worms
  2 dart slugs
  2 leopard geckos (D:2)
  2 orcs (D:4)
  3 giant cockroaches (D:1)
  4 goblins
  4 hobgoblins
  4 kobolds
  7 bats
  2 frilled lizards
  4 rats
44 creatures vanquished.

Notes
Turn   | Place    | Note
-------+----------+-------------------------------------------
     0 | D:1      | Jens78 the Octopode Transmuter began the quest for the Orb.
     0 | D:1      | Reached XP level 1. HP: 13/13 MP: 3/3
    49 | D:1      | Reached XP level 2. HP: 18/18 MP: 3/5
   509 | D:1      | Reached XP level 3. HP: 21/23 MP: 4/6
   516 | D:1      | Learned a level 2 spell: Sticks to Snakes
   887 | D:2      | Found a glowing golden altar of the Shining One.
  1096 | D:2      | Reached XP level 4. HP: 17/28 MP: 5/7
  1691 | D:3      | Learned a level 3 spell: Spider Form
  1703 | D:3      | Found a bloodstained altar of Trog.
  1737 | D:3      | Noticed Ivernyr's ghost (amateur VSMo)
  1812 | D:4      | Found a deep blue altar of Sif Muna.
  1848 | D:4      | Reached skill level 1 in Stealth
  1848 | D:4      | Reached skill level 1 in Poison Magic
  1848 | D:4      | Reached XP level 5. HP: 16/33 MP: 7/9
  2619 | D:3      | Learned a level 4 spell: Ice Form
  2853 | D:3      | Killed Ivernyr's ghost
  2853 | D:3      | Reached skill level 4 in Unarmed Combat
  2919 | D:4      | Noticed a phantom
  2938 | D:4      | Slain by a phantom

Skill      XL: |  1  2  3  4  5 |
---------------+----------------+-----
Transmutations | 3 |  3.4
Stealth        | 1 |  1.6
Spellcasting   | 3 |  3.1
Poison Magic   | 1 |  1.2
Unarmed Combat | 4 |  4.0
Fighting       | |  1.0
Dodging        | |  2.4
Ice Magic      | |  0.8

Action                   |  1- 3 |  4- 6 || total
-------------------------+-------+-------++-------
Melee: Unarmed           |    58 |    54 ||   112
       Kick              |    15 |     6 ||    21
       Constrict         |    13 |    10 ||    23
       Tentacles         |     7 |     3 ||    10
       Punch             |     1 |       ||     1
Throw: Stone             |     9 |       ||     9
 Cast: Beastly Appendage |    17 |     8 ||    25
       Spider Form       |       |     9 ||     9
       Ice Form          |       |     1 ||     1
  Use: Scroll            |       |     2 ||     2
 Stab: Sleeping          |     1 |     3 ||     4
  Eat: Chunk             |     1 |     7 ||     8
Armor: Skin              |     7 |     1 ||     8
Dodge: Dodged            |    30 |    32 ||    62
